 Dungeon Crawl Stone Soup version 0.31-a0-263-ge8cad7f256 (webtiles) character file.

Game seed: 423490299161206344

187059 qw the Slayer (level 17, -3/173 HPs)
             Began as a Minotaur Hexslinger on July 13, 2023.
             Was a High Priest of Okawaru.
             Blown up by an orb spider (58 damage)
             ... with an orb of destruction
             ... on level 4 of the Spider Nest.
             The game lasted 00:11:41 (23759 turns).

qw the Slayer (Minotaur Hexslinger)                Turns: 23759, Time: 00:11:42

Health: -3/173     AC: 16    Str: 15    XL:     17   Next: 86%
Magic:  1/23       EV: 39    Int: 10    God:    Okawaru [*****.]
Gold:   1477       SH:  0    Dex: 29    Spells: 17/18 levels left

rFire   . . .        s - +6 arbalest "Damnation" {damnation}
rCold   . . .        (shield currently unavailable)
rNeg    . . .        o - +1 robe of Defence {rPois rCorr Dex+4}
rPois   +            w - +2 hat
rElec   .            j - +2 cloak
rCorr   +            f - +2 pair of gloves
SInv    .            e - +2 pair of boots
Will    +....        i - amulet of faith
Stlth   ++           Y - +5 ring of evasion
HPRegen 0.48/turn    q - +6 ring of dexterity
MPRegen 0.18/turn

%: faith
@: finesse-ful
A: horns 2, retaliatory headbutt
a: Renounce Religion, Heroism, Finesse, Duel


You were on level 4 of the Spider Nest.
You worshipped Okawaru.
Okawaru was extremely pleased with you.
You visited 5 branches of the dungeon, and saw 29 of its levels.

You collected 3712 gold pieces.
You spent 2235 gold pieces at shops.


Innate Abilities, Weirdness & Mutations

You have a pair of horns on your head.
You reflexively headbutt those who attack you in melee.


   Skills:
 - Level 21.0 Fighting
 - Level 18.0 Ranged Weapons
 - Level 10.0 Armour
 + Level 20.3 Dodging
 - Level 1.0 Spellcasting
 - Level 2.0 Hexes
 - Level 10.0 Invocations


You had 17 spell levels left.
You knew the following spells:

 Your Spells              Type           Power      Damage    Failure   Level
a - Slow                  Hex            16%        N/A       16%         1

Your spell library contained the following spells:

 Spells                   Type           Power      Damage    Failure   Level
 Inner Flame              Hex/Fire       2%         N/A       56%         3
 Portal Projectile        Hex/Tloc       4%         N/A       56%         3
 Cause Fear               Hex            2%         N/A       83%         4

Inventory:

Hand Weapons
 s - the +6 arbalest "Damnation" (weapon) {damnation}
   (You acquired it on level 1 of the Lair of Beasts)
Armour
 d - a +1 leather armour of fire resistance
 e - a +2 pair of boots (worn)
 f - a +2 pair of gloves (worn)
 j - a +2 cloak (worn)
 o - the +1 robe of Defence (worn) {rPois rCorr Dex+4}
   (Okawaru gifted it to you on level 1 of the Spider Nest)

   Dex:       It affects your dexterity (+4).
   rPois:     It protects you from poison.
   rCorr:     It protects you from acid and corrosion.
 u - a +0 troll leather armour
 w - a +2 hat (worn)
Jewellery
 h - a ring of protection from fire
 i - an amulet of faith (around neck)
 q - a +6 ring of dexterity (right hand)
 Y - a +5 ring of evasion (left hand)
Wands
 p - a wand of digging (22)
Scrolls
 b - 7 scrolls of teleportation
 m - 15 scrolls of identify
 y - 3 scrolls of enchant weapon
Potions
 a - a potion of cancellation
 c - 3 potions of magic
 g - 3 potions of resistance
 k - 5 potions of heal wounds
 l - 9 potions of enlightenment
 n - 8 potions of might
 r - 3 potions of haste
 t - 12 potions of curing
 x - 6 potions of mutation

Dungeon Overview and Level Annotations

Branches:
Dungeon (15/15)            Temple (0/1) D:5            Lair (5/5) D:11
  Swamp (3/4) Lair:2       Spider (4/4) Lair:3        Slime (0/5) Lair:5
    Orc (2/2) D:11            Elf (0/3) Orc:2        Vaults (0/5) D:14
 Depths (0/4) D:15

Altars:
Ashenzari
Cheibriados
Elyvilon
Fedhas
Gozag
Makhleb
Okawaru
Ru
Sif Muna
Trog
Uskayaw
Yredelemnul
The Shining One
Lugonu

Shops:
D:7 (   D:11 =   D:12 ?   Orc:2 !!?!

Portals:
Abyss: Lair:5
Bailey: D:7

Annotations:
D:2 1 runed translucent door, Crazy Yiuf
Lair:3 3 runed translucent doors, qw's ghost, journeyman MiHs
Swamp:1 3 runed translucent doors, Zoigrime's ghost, adept FoFi; qw's ghost, adept GrFi
Spider:3 2 transporters, qw's ghost, adept GrFi; qw's ghost, adept MiHs
Orc:2 3 runed translucent doors, qw's ghost, journeyman GrFi


Message History

The damnation engulfs the emperor scorpion!!
The emperor scorpion is moderately wounded.
A jumping spider comes into view.
You shoot a damnation bolt.
The jumping spider's many legs skitter faintly.
The damnation bolt hits the emperor scorpion!
The emperor scorpion is severely wounded.
The damnation bolt explodes!
The damnation engulfs the emperor scorpion!
The emperor scorpion is almost dead.
The orb spider weaves a glowing orb of energy.
The emperor scorpion completely misses you.
The emperor scorpion barely misses you. x2
An orb of destruction comes into view.
You shoot a damnation bolt.
The damnation bolt hits the emperor scorpion!!
You kill the emperor scorpion!
Okawaru accepts your kill.
The damnation bolt explodes!
The damnation engulfs the emperor scorpion!!
The emperor scorpion is heavily wounded.
The jumping spider simulacrum is caught in a web!
The orb spider weaves a glowing orb of energy.
An orb of destruction comes into view.
You shoot a damnation bolt.
The damnation bolt hits the orb spider!!
The orb spider is heavily wounded.
The damnation bolt explodes!
The damnation engulfs the orb spider!
The orb spider is severely wounded.
The damnation engulfs the jumping spider!
The jumping spider is heavily wounded.
The jumping spider leaps!
You shoot a damnation bolt.
The damnation bolt hits the emperor scorpion but does no damage.
The emperor scorpion is heavily wounded.
The damnation bolt explodes!
The damnation engulfs the emperor scorpion!!
The emperor scorpion is severely wounded.
The orb of destruction hits you!!!
You die...

###############
.........^.....
........#......
...............
...........%#..
.......@s...Z..
.............0%%#....
...#........0%.%.$ .
#...........s..%%...
##....?..........%.0.
#..............#.*s..
##.................%.
##............s.......
#..<..........


You could see an emperor scorpion, 2 orb spiders, a jumping spider and a jumping
spider simulacrum (webbed).

Vanquished Creatures
  Jorgrun (D:15)
  Asterion (Spider:4)
  Gastronok (D:11)
  2 thorn hunters (Swamp:3)
  Agnes (D:15)
  4 emperor scorpions
  Louise (D:15)
  A ghost moth (Spider:4)
  A very ugly thing (D:15)
  A broodmother (Spider:1)
  An eleionoma (Swamp:2)
  A shambling mangrove (Swamp:3)
  3 great orbs of eyes
  A fire dragon (D:14)
  Josephine (Lair:4)
  Fannar (D:12)
  4 entropy weavers
  A spriggan air mage (Swamp:2)
  3 vault guards (D:14)
  2 catoblepae
  4 centaur warriors
  9 hydras
  2 jorogumos
  2 ogre magi (Orc:2)
  7 alligators
  11 two-headed ogres
  6 boulder beetles
  8 demonic crawlers
  5 radroaches
  Urug (Lair:1)
  3 tengu warriors
  4 thrashing horrors (Lair:5)
  5 death yaks (Lair:3)
  3 skysharks
  A skeletal warrior (D:14)
  6 pharaoh ants
  6 goliath frogs
  9 orb spiders
  A death drake (shapeshifter) (D:15)
  3 spriggan druids
  A swamp dragon (Swamp:2)
  2 deep trolls (Orc:2)
  2 bog bodies (Swamp:2)
  8 steelbarb worms
  An orc knight (Orc:2)
  A necromancer (D:14)
  A mana viper (shapeshifter) (D:14)
  5 wizards (D:14)
  2 deep elf pyromancers
  A harpy (shapeshifter) (Lair:5)
  18 wolf spiders
  3 oklob plants (Lair:5)
  23 ugly things
  A cyclops (shapeshifter) (Lair:5)
  4 manticores
  An orc sorcerer (Orc:2)
  7 cyclopes
  A manticore (shapeshifter) (D:13)
  6 will-o-the-wisps
  3 moths of wrath
  9 elephants
  4 black mambas
  3 smoke demons (Lair:5)
  A cane toad (shapeshifter) (D:14)
  A gargoyle (D:12)
  3 torpor snails
  12 cane toads
  2 unseen horrors
  A rime drake (Lair:4)
  2 freezing wraiths
  8 komodo dragons
  An efreet (D:14)
  A tengu conjurer (D:15)
  11 trolls
  An ancient zyme (Lair:5)
  A polar bear (shapeshifter) (D:14)
  6 meliai
  5 hornets
  3 bloated husks
  A queen bee (Lair:2)
  32 tarantellas
  7 tyrant leeches
  33 blink frogs
  Grinder (D:3)
  A blink frog (shapeshifter) (D:14)
  A jumping spider (shapeshifter) (Lair:5)
  14 culicivoras
  19 slime creatures
  27 jumping spiders
  A vampire (D:13)
  3 spriggans
  2 shadows
  7 wraiths
  10 small abominations (Lair:5)
  33 yaks
  A ynoxinul (Lair:5)
  6 wyverns
  14 basilisks
  9 vampire mosquitoes
  A basilisk (shapeshifter) (D:14)
  A steam dragon (D:8)
  16 humans (D:14)
  2 large abominations (Lair:5)
  59 redbacks
  2 wargs (Orc:1)
  14 swamp worms
  An acid dragon (D:14)
  10 water moccasins
  2 black bears
  An ice beast (D:8)
  20 orc warriors
  A sky beast (D:7)
  21 ogres
  23 wolves
  4 centaurs
  2 phantoms (D:5)
  3 kobold brigands
  11 bullfrogs
  A gnoll sergeant (D:9)
  3 scorpions
  25 wights
  30 killer bees
  5 electric eels
  3 howler monkeys
  3 jellies
  6 hounds
  16 orc priests
  2 gnoll boudas (D:7)
  4 iguanas
  15 orc wizards
  2 scorpion zombies (D:4)
  A hound zombie (D:4)
  A howler monkey zombie (D:4)
  Robin (D:3)
  17 gnolls
  8 adders
  A river rat (Lair:2)
  2 shadow imps
  2 white imps (D:6)
  2 ufetubi
  2 dart slugs (D:4)
  107 orcs
  4 bats
  7 endoplasms
  3 giant cockroaches
  14 hobgoblins
  6 quokkas
  6 ball pythons
  5 frilled lizards
  22 goblins
  22 kobolds
  6 rats
  A butterfly (Lair:4)
1065 creatures vanquished.

Vanquished Creatures (others)
  A bullfrog (Lair:1)
  6 foxfires
7 creatures vanquished.

Grand Total: 1072 creatures vanquished

Notes
Turn   | Place    | Note
-------+----------+-------------------------------------------
     0 | D:1      | qw the Minotaur Hexslinger began the quest for the Orb.
     0 | D:1      | Reached XP level 1. HP: 16/16 MP: 1/1
     0 | D:1      | 0 ||| qw: Version: 0.3-a-52-g30416fa
     0 | D:1      | 0 ||| qw: Game counter: 7481
     0 | D:1      | 0 ||| qw: Melee chars always use a shield: true
     0 | D:1      | 0 ||| qw: God list: Okawaru
     0 | D:1      | 0 ||| qw: Allow faded altars: false
     0 | D:1      | 0 ||| qw: Do Orc after clearing Dungeon:15 true
     0 | D:1      | 0 ||| qw: Do second Lair branch before Depths: true
     0 | D:1      | 0 ||| qw: Lair rune preference: random
     0 | D:1      | 0 ||| qw: Goals: Normal
     0 | D:1      | 0 ||| PLANNING D:1-11
   129 | D:1      | Reached skill level 3 in Ranged Weapons
   174 | D:1      | Reached XP level 2. HP: 23/23 MP: 2/2
   202 | D:1      | Reached skill level 2 in Fighting
   343 | D:1      | 343 ||| FLEEEEING.
   344 | D:1      | 344 ||| FLEEEEING.
   526 | D:1      | Reached XP level 3. HP: 30/30 MP: 3/3
   756 | D:1      | 756 ||| UPGRADING to +0 ring mail.
   766 | D:1      | 766 ||| DROPPING +0 robe.
   767 | D:1      | 767 ||| UPGRADING to +1 cloak.
   772 | D:1      | 772 ||| UPGRADING to +4 ring of slaying {mikee}.
   773 | D:1      | 773 ||| READING scroll labelled MANYG ZINOXA.
   777 | D:1      | 777 ||| READING 2 scrolls labelled XODEDGHORPHICUN.
   778 | D:1      | 778 ||| READING scroll of enchant weapon.
   778 | D:1      | 778 ||| ENCHANTING +2 sling.
   779 | D:1      | 779 ||| READING scroll labelled TOAROS QOSIP.
   780 | D:1      | 780 ||| DRINKING 3 cyan potions.
   781 | D:1      | 781 ||| DROPPING scroll of poison.
   895 | D:2      | HP: 7/30 [poisoned by an adder]
   898 | D:2      | HP: 3/30 [poisoned by an adder]
   899 | D:2      | 899 ||| DRINKING 2 potions of curing.
   899 | D:2      | 899 ||| (to cure poison)
  1112 | D:2      | Found a runed translucent door.
  1113 | D:2      | Noticed Crazy Yiuf
  1212 | D:2      | Reached skill level 1 in Armour
  1247 | D:2      | Reached XP level 4. HP: 37/37 MP: 4/4
  1359 | D:2      | 1359 ||| UPGRADING to +0 pair of boots.
  1364 | D:2      | 1364 ||| READING scroll labelled DAMAK GIL KOIG.
  1365 | D:2      | 1365 ||| READING scroll labelled WIOTHI YKLO.
  1366 | D:2      | 1366 ||| READING scroll labelled BUOS DOAXZASTRI.
  1367 | D:2      | 1367 ||| READING scroll labelled QOKAIRGH ICWY.
  1368 | D:2      | 1368 ||| READING scroll labelled VOUWNA ZIHO.
  1369 | D:2      | 1369 ||| DRINKING 2 coppery potions.
  1370 | D:2      | 1370 ||| DROPPING potion of degeneration.
  1486 | D:3      | Identified the +1 plate armour of the Ecumenical Temple
                  | {*Corrode +Blink rF++ Dex+3}
  1491 | D:3      | 1491 ||| Stepping ~*~*~tactically~*~*~ (outnumbered).
  1556 | D:3      | Noticed Robin
  1562 | D:3      | Killed Robin
  1563 | D:3      | Reached XP level 5. HP: 44/44 MP: 5/5
  1572 | D:3      | Reached skill level 3 in Fighting
  1795 | D:3      | Reached skill level 6 in Ranged Weapons
  1797 | D:3      | 1797 ||| FLEEEEING.
  1798 | D:3      | 1798 ||| FLEEEEING.
  1799 | D:3      | 1799 ||| FLEEEEING.
  1800 | D:3      | 1800 ||| FLEEEEING.
  1801 | D:3      | 1801 ||| FLEEEEING.
  1802 | D:3      | 1802 ||| FLEEEEING.
  1803 | D:3      | 1803 ||| FLEEEEING.
  1804 | D:3      | 1804 ||| FLEEEEING.
  1805 | D:3      | 1805 ||| FLEEEEING.
  1806 | D:3      | 1806 ||| FLEEEEING.
  1807 | D:3      | 1807 ||| FLEEEEING.
  1808 | D:3      | 1808 ||| FLEEEEING.
  1809 | D:3      | 1809 ||| FLEEEEING.
  1810 | D:3      | 1810 ||| FLEEEEING.
  1811 | D:3      | 1811 ||| FLEEEEING.
  1817 | D:3      | Reached XP level 6. HP: 48/51 MP: 6/6
  2065 | D:3      | Found a faded altar of an unknown god.
  2077 | D:3      | Noticed Grinder
  2083 | D:3      | Paralysed by Grinder for 5 turns
  2091 | D:3      | Killed Grinder
  2092 | D:3      | Reached skill level 5 in Fighting
  2303 | D:3      | Found a white marble altar of Elyvilon.
  2449 | D:3      | 2449 ||| UPGRADING to +5 ring of evasion.
  2517 | D:4      | Found a burning altar of Makhleb.
  2561 | D:4      | Reached XP level 7. HP: 62/62 MP: 7/7
  2597 | D:4      | 2597 ||| READING scroll of enchant weapon.
  2597 | D:4      | 2597 ||| ENCHANTING +3 sling.
  2604 | D:4      | Noticed a +0 spear
  2604 | D:4      | Noticed a +0 falchion
  2605 | D:4      | Noticed a +0 short sword
  2606 | D:4      | Noticed a +0 short sword
  2606 | D:4      | Noticed a +0 falchion
  2608 | D:4      | Noticed a +0 dagger
  2608 | D:4      | Noticed a +0 dagger
  2609 | D:4      | Noticed a +0 spear
  2633 | D:4      | Found a hide-covered altar of Uskayaw.
  2705 | D:4      | Found an iron altar of Okawaru.
  2706 | D:4      | 2706 ||| PLANNING OKAWARU WORSHIP
  2707 | D:4      | 2707 ||| UPGRADING to +0 pair of gloves.
  2712 | D:4      | 2712 ||| DRINKING 2 amethyst potions.
  2720 | D:4      | Became a worshipper of Warmaster Okawaru
  2721 | D:4      | 2721 ||| PLANNING D:1-11
  2946 | D:4      | Found an opulent altar of Gozag.
  3009 | D:4      | Found a basalt altar of Yredelemnul.
  3041 | D:4      | Reached skill level 3 in Armour
  3270 | D:4      | 3270 ||| DROPPING ring of flight.
  3271 | D:4      | 3271 ||| READING scroll labelled YFRESUWKOEW.
  3272 | D:4      | 3272 ||| READING scroll labelled KIC FOKLOK.
  3371 | D:4      | 3371 ||| DRINKING 2 grey potions.
  3372 | D:4      | 3372 ||| DROPPING potion of brilliance.
  3389 | D:5      | Entered Level 5 of the Dungeon
  3497 | D:5      | Found a bloodstained altar of Trog.
  3508 | D:5      | 3508 ||| READING scroll of enchant weapon.
  3508 | D:5      | 3508 ||| ENCHANTING +4 sling.
  3655 | D:5      | Reached XP level 8. HP: 70/70 MP: 8/8
  3713 | D:5      | 3713 ||| FLEEEEING.
  3821 | D:5      | Reached * piety under Okawaru
  3824 | D:5      | Reached skill level 9 in Ranged Weapons
  3827 | D:5      | 3827 ||| INVOKING Heroism.
  3829 | D:5      | Reached skill level 6 in Fighting
  3859 | D:5      | 3859 ||| FLEEEEING.
  3860 | D:5      | 3860 ||| FLEEEEING.
  3868 | D:5      | 3868 ||| FLEEEEING.
  3873 | D:5      | 3873 ||| FLEEEEING.
  3882 | D:5      | 3882 ||| FLEEEEING.
  3970 | D:5      | Found a staircase to the Ecumenical Temple.
  4029 | D:5      | 4029 ||| INVOKING Heroism.
  4034 | D:5      | Reached skill level 3 in Dodging
  4046 | D:5      | 4046 ||| FLEEEEING.
  4047 | D:5      | 4047 ||| FLEEEEING.
  4192 | D:5      | 4192 ||| INVOKING Heroism.
  4397 | D:5      | 4397 ||| READING 2 scrolls labelled QUSAER VORGHAA.
  4398 | D:5      | 4398 ||| READING scroll labelled VUXIZYENUY.
  4399 | D:5      | 4399 ||| READING 3 scrolls of identify.
  4399 | D:5      | 4399 ||| IDENTIFYING metallic silvery potion
  4400 | D:5      | 4400 ||| READING 2 scrolls of identify.
  4400 | D:5      | 4400 ||| IDENTIFYING fuming ruby potion
  4401 | D:5      | 4401 ||| DROPPING potion of berserk rage.
  4402 | D:5      | 4402 ||| DROPPING scroll of blinking.
  4509 | D:6      | Reached skill level 1 in Invocations
  4533 | D:6      | 4533 ||| DRINKING 5 potions of curing.
  4533 | D:6      | 4533 ||| (to cure confusion)
  4585 | D:6      | 4585 ||| INVOKING Heroism.
  4673 | D:6      | Reached skill level 7 in Fighting
  4676 | D:6      | 4676 ||| INVOKING Heroism.
  4679 | D:6      | Reached XP level 9. HP: 50/78 MP: 6/10
  4820 | D:6      | 4820 ||| INVOKING Heroism.
  4823 | D:6      | Reached skill level 3 in Invocations
  4839 | D:6      | 4839 ||| FLEEEEING.
  4868 | D:6      | 4868 ||| INVOKING Heroism.
  5183 | D:6      | 5183 ||| READING 3 scrolls of identify.
  5183 | D:6      | 5183 ||| IDENTIFYING purple potion
  5184 | D:6      | 5184 ||| READING 2 scrolls of identify.
  5184 | D:6      | 5184 ||| IDENTIFYING lumpy pink potion
  5185 | D:6      | 5185 ||| DROPPING potion of invisibility.
  5229 | D:7      | Found a glowing golden altar of the Shining One.
  5242 | D:7      | 5242 ||| INVOKING Heroism.
  5270 | D:7      | 5270 ||| DRINKING 4 potions of curing.
  5270 | D:7      | 5270 ||| (to cure confusion)
  5271 | D:7      | 5271 ||| DRINKING 3 potions of curing.
  5271 | D:7      | 5271 ||| (to cure confusion)
  5274 | D:7      | 5274 ||| DRINKING 2 potions of curing.
  5274 | D:7      | 5274 ||| (to cure confusion)
  5275 | D:7      | 5275 ||| DRINKING potion of curing.
  5275 | D:7      | 5275 ||| (to cure confusion)
  5283 | D:7      | 5283 ||| Stepping randomly (disturbance).
  5323 | D:7      | 5323 ||| Stepping ~*~*~tactically~*~*~ (outnumbered).
  5326 | D:7      | 5326 ||| INVOKING Heroism.
  5356 | D:7      | Found Seziudah's Antique Weapon Boutique.
  5365 | D:7      | 5365 ||| BUYING longbow (156 gold).
  5365 | D:7      | Bought a longbow for 156 gold pieces
  5365 | D:7      | 5365 ||| SWAPPING to +0 longbow.
  5366 | D:7      | 5366 ||| DROPPING +5 sling.
  5456 | D:7      | 5456 ||| INVOKING Heroism.
  5579 | D:7      | 5579 ||| Stepping ~*~*~tactically~*~*~ (outnumbered).
  5669 | D:7      | 5669 ||| INVOKING Heroism.
  5817 | D:7      | Found a flagged portal.
  5933 | D:7      | 5933 ||| UPGRADING to +1 robe of fire resistance.
  5943 | D:7      | 5943 ||| READING scroll labelled BUHE JEPEARYNK.
  5988 | D:8      | 5988 ||| INVOKING Heroism.
  6064 | D:8      | Found a blossoming altar of Fedhas.
  6064 | D:8      | Found a broken altar of Ashenzari.
  6161 | D:8      | 6161 ||| INVOKING Heroism.
  6196 | D:8      | Reached skill level 12 in Ranged Weapons
  6385 | D:8      | 6385 ||| INVOKING Heroism.
  6452 | D:8      | Found a shimmering blue altar of Sif Muna.
  6699 | D:9      | 6699 ||| STAIRDANCE
  6728 | D:9      | Reached XP level 10. HP: 77/86 MP: 12/12
  6728 | D:9      | 6728 ||| STAIRDANCE
  6865 | D:9      | Found a sacrificial altar of Ru.
  6872 | D:9      | Reached skill level 8 in Fighting
  6897 | D:9      | 6897 ||| INVOKING Heroism.
  6908 | D:9      | Reached ** piety under Okawaru
  6961 | D:9      | 6961 ||| READING scroll of enchant armour.
  6961 | D:9      | 6961 ||| ENCHANTING +0 pair of gloves.
  6967 | D:9      | 6967 ||| INVOKING Heroism.
  6999 | D:9      | 6999 ||| INVOKING Heroism.
  7022 | D:9      | 7022 ||| INVOKING Heroism.
  7026 | D:9      | 7026 ||| Stepping ~*~*~tactically~*~*~ (water).
  7385 | D:9      | Found a snail-covered altar of Cheibriados.
  7391 | D:9      | Noticed a two-headed ogre
  7392 | D:9      | 7392 ||| INVOKING Heroism.
  7399 | D:9      | Killed a two-headed ogre
  7400 | D:9      | Reached skill level 9 in Fighting
  7656 | D:9      | 7656 ||| INVOKING Heroism.
  7663 | D:9      | Reached skill level 6 in Dodging
  7951 | D:9      | 7951 ||| DROPPING +0 ring mail.
  7952 | D:9      | 7952 ||| UPGRADING to +0 troll leather armour.
  7962 | D:9      | 7962 ||| DROPPING ring of magical power.
  7963 | D:9      | 7963 ||| READING 2 scrolls of identify.
  7963 | D:9      | 7963 ||| IDENTIFYING bubbling green potion
  7977 | D:10     | Entered Level 10 of the Dungeon
  8069 | D:10     | Reached *** piety under Okawaru
  8095 | D:10     | 8095 ||| INVOKING Heroism.
  8180 | D:10     | Reached XP level 11. HP: 99/99 MP: 13/13
  8203 | D:10     | Reached skill level 10 in Fighting
  8789 | D:10     | 8789 ||| UPGRADING to amulet of faith.
  8794 | D:10     | 8794 ||| DRINKING 2 glowing emerald potions.
  8833 | D:10     | 8833 ||| READING 2 scrolls of identify.
  8833 | D:10     | 8833 ||| IDENTIFYING black potion
  8834 | D:10     | 8834 ||| DROPPING potion of lignification.
  8869 | D:11     | 8869 ||| INVOKING Heroism.
  8899 | D:11     | 8899 ||| INVOKING Heroism.
  8919 | D:11     | Found a staircase to the Lair.
  8942 | D:11     | 8942 ||| Stepping ~*~*~tactically~*~*~ (outnumbered).
  8946 | D:11     | 8946 ||| Stepping ~*~*~tactically~*~*~ (outnumbered).
  8979 | D:11     | Found a staircase to the Orcish Mines.
  9012 | D:11     | 9012 ||| INVOKING Heroism.
  9077 | D:11     | 9077 ||| INVOKING Heroism.
  9275 | D:11     | 9275 ||| INVOKING Heroism.
  9281 | D:11     | Reached skill level 15 in Ranged Weapons
  9312 | D:11     | Found Fyjessost's Jewellery Emporium.
  9317 | D:11     | 9317 ||| BUYING +5 ring of evasion (504 gold).
  9317 | D:11     | Bought a +5 ring of evasion for 504 gold pieces
  9317 | D:11     | 9317 ||| SHOPLISTING amulet of reflection (420 gold, have
                  | 99).
  9317 | D:11     | 9317 ||| SHOPLISTING amulet of regeneration (420 gold, have
                  | 99).
  9317 | D:11     | 9317 ||| SHOPLISTING ring "Lerihacw" {EV+5 Str+5} (749
                  | gold, have 99).
  9317 | D:11     | 9317 ||| SHOPLISTING ring of fire (350 gold, have 99).
  9374 | D:11     | Noticed Gastronok
  9375 | D:11     | 9375 ||| INVOKING Heroism.
  9389 | D:11     | Killed Gastronok
  9389 | D:11     | Reached **** piety under Okawaru
  9681 | D:11     | 9681 ||| PLANNING LAIR
  9681 | D:11     | 9681 ||| DROPPING +1 pair of gloves.
  9682 | D:11     | 9682 ||| UPGRADING to +2 hat.
  9687 | D:11     | 9687 ||| UPGRADING to +5 ring of evasion.
  9689 | D:11     | 9689 ||| DROPPING +4 ring of slaying {mikee}.
  9690 | D:11     | 9690 ||| READING scroll labelled FUFEEC AFIT ULLIVU.
  9718 | Lair:1   | Entered Level 1 of the Lair of Beasts
  9722 | Lair:1   | 9722 ||| INVOKING Heroism.
  9824 | Lair:1   | 9824 ||| INVOKING Heroism.
  9867 | Lair:1   | 9867 ||| INVOKING Heroism.
  9972 | Lair:1   | 9972 ||| INVOKING Heroism.
 10096 | Lair:1   | Noticed a catoblepas
 10096 | Lair:1   | 10096 ||| INVOKING Heroism.
 10106 | Lair:1   | 10106 ||| Stepping ~*~*~tactically~*~*~ (cloud).
 10109 | Lair:1   | Received a gift from Okawaru
 10110 | Lair:1   | Reached skill level 6 in Invocations
 10115 | Lair:1   | 10115 ||| Stepping ~*~*~tactically~*~*~ (cloud).
 10122 | Lair:1   | Killed a catoblepas
 10123 | Lair:1   | Reached XP level 12. HP: 106/106 MP: 15/15
 10148 | Lair:1   | 10148 ||| INVOKING Heroism.
 10165 | Lair:1   | Reached ***** piety under Okawaru
 10214 | Lair:1   | 10214 ||| READING scroll of enchant weapon.
 10214 | Lair:1   | 10214 ||| ENCHANTING +0 longbow.
 10282 | Lair:1   | 10282 ||| INVOKING Heroism.
 10391 | Lair:1   | Noticed Urug
 10392 | Lair:1   | 10392 ||| INVOKING Heroism.
 10393 | Lair:1   | 10393 ||| INVOKING Finesse.
 10408 | Lair:1   | Killed Urug
 10740 | Lair:1   | 10740 ||| DROPPING +1 hat.
 10741 | Lair:1   | 10741 ||| DROPPING ring of willpower.
 10742 | Lair:1   | 10742 ||| READING scroll labelled SIZ GOS ITIUS.
 10742 | Lair:1   | Identified a scroll of acquirement
 10742 | Lair:1   | 10742 ||| ACQUIRING +6 arbalest "Damnation" {damnation}
 10742 | Lair:1   | Acquired the +6 arbalest "Damnation" {damnation}
 10742 | Lair:1   | Found the +6 arbalest "Damnation" {damnation}
 10744 | Lair:1   | 10744 ||| SWAPPING to +6 arbalest "Damnation" {damnation}.
 10745 | Lair:1   | 10745 ||| DROPPING +1 longbow.
 10779 | Lair:2   | 10779 ||| INVOKING Heroism.
 10783 | Lair:2   | Reached skill level 11 in Fighting
 10792 | Lair:2   | 10792 ||| STAIRDANCE
 10879 | Lair:2   | 10879 ||| INVOKING Heroism.
 10894 | Lair:2   | Reached skill level 9 in Invocations
 10898 | Lair:2   | Identified the +12 arbalest "Touss" {drain, Int+4} (Okawaru
                  | gifted it to you on level 2 of the Lair of Beasts)
 10898 | Lair:2   | Received a gift from Okawaru
 10929 | Lair:2   | Noticed a seven-headed hydra
 10930 | Lair:2   | 10930 ||| INVOKING Heroism.
 10934 | Lair:2   | Killed a seven-headed hydra
 10941 | Lair:2   | Noticed a four-headed hydra
 10949 | Lair:2   | Killed a four-headed hydra
 10967 | Lair:2   | 10967 ||| READING scroll of enchant armour.
 10967 | Lair:2   | 10967 ||| ENCHANTING +1 pair of gloves.
 10986 | Lair:2   | 10986 ||| INVOKING Heroism.
 11003 | Lair:2   | Reached XP level 13. HP: 116/116 MP: 19/19
 11192 | Lair:2   | 11192 ||| INVOKING Heroism.
 11250 | Lair:2   | 11250 ||| INVOKING Heroism.
 11274 | Lair:2   | 11274 ||| INVOKING Heroism.
 11412 | Lair:2   | 11412 ||| INVOKING Heroism.
 11463 | Lair:2   | Found a staircase to the Swamp.
 11665 | Lair:2   | 11665 ||| DRINKING 4 sedimented coppery potions.
 11666 | Lair:2   | 11666 ||| DRINKING 2 potions of curing.
 11666 | Lair:2   | 11666 ||| (to cure confusion)
 11667 | Lair:2   | 11667 ||| DROPPING 3 potions of ambrosia.
 11802 | Lair:3   | 11802 ||| INVOKING Heroism.
 11805 | Lair:3   | Received a gift from Okawaru
 11833 | Lair:3   | Noticed qw's ghost (journeyman MiHs)
 11837 | Lair:3   | Found a runed translucent gate.
 11837 | Lair:3   | Found a runed translucent gate.
 11837 | Lair:3   | Found a runed translucent gate.
 11845 | Lair:3   | 11845 ||| INVOKING Heroism.
 12023 | Lair:3   | 12023 ||| READING scroll of enchant armour.
 12023 | Lair:3   | 12023 ||| ENCHANTING +0 pair of boots.
 12040 | Lair:3   | Found a hole to the Spider Nest.
 12253 | Lair:3   | 12253 ||| INVOKING Heroism.
 12254 | Lair:3   | 12254 ||| INVOKING Finesse.
 12258 | Lair:3   | Reached skill level 18 in Ranged Weapons
 12660 | Lair:3   | 12660 ||| DRINKING 3 gluggy clear potions.
 12661 | Lair:3   | 12661 ||| READING 2 scrolls of identify.
 12661 | Lair:3   | 12661 ||| IDENTIFYING yellow potion
 12662 | Lair:3   | 12662 ||| DROPPING 2 potions of attraction.
 12679 | Lair:4   | Reached skill level 12 in Fighting
 12686 | Lair:4   | 12686 ||| INVOKING Heroism.
 12690 | Lair:4   | Reached skill level 6 in Armour
 12694 | Lair:4   | 12694 ||| INVOKING Finesse.
 12872 | Lair:4   | Identified the +8 short sword "Furax" {freeze, rN+ Will+
                  | Str+3}
 12902 | Lair:4   | Noticed Josephine
 12904 | Lair:4   | Reached skill level 9 in Dodging
 12905 | Lair:4   | Killed Josephine
 12966 | Lair:4   | Received a gift from Okawaru
 13528 | Lair:5   | Entered Level 5 of the Lair of Beasts
 13534 | Lair:5   | Reached skill level 13 in Fighting
 13672 | Lair:5   | Identified the +5 mace of Terra Cotta {elec, rPois Int-2
                  | Dex+7 Stlth+}
 13701 | Lair:5   | 13701 ||| INVOKING Heroism.
 13715 | Lair:5   | 13715 ||| INVOKING Finesse.
 13716 | Lair:5   | 13716 ||| INVOKING Finesse.
 13749 | Lair:5   | Found a staircase to the Slime Pits.
 13750 | Lair:5   | 13750 ||| INVOKING Heroism.
 13841 | Lair:5   | 13841 ||| INVOKING Heroism.
 13921 | Lair:5   | 13921 ||| INVOKING Heroism.
 13924 | Lair:5   | Reached XP level 14. HP: 115/129 MP: 17/20
 13926 | Lair:5   | Reached ****** piety under Okawaru
 14115 | Lair:5   | Reached skill level 14 in Fighting
 14124 | Lair:5   | Received a gift from Okawaru
 14223 | Lair:5   | Reached skill level 15 in Fighting
 14263 | Lair:5   | Found a corrupted altar of Lugonu.
 14263 | Lair:5   | Found a one-way gate to the infinite horrors of the Abyss.
 14641 | Lair:5   | 14641 ||| PLANNING D
 14641 | Lair:5   | 14641 ||| READING 3 scrolls of identify.
 14641 | Lair:5   | 14641 ||| IDENTIFYING smoky brown potion
 14789 | D:12     | 14789 ||| STAIRDANCE
 14913 | D:12     | Noticed Fannar
 14918 | D:12     | Killed Fannar
 14918 | D:12     | Identified the +9 arbalest of Okawaru's Approval {elec,
                  | Str+2} (Okawaru gifted it to you on level 12 of the
                  | Dungeon)
 14918 | D:12     | Received a gift from Okawaru
 14986 | D:12     | 14986 ||| Stepping randomly (disturbance).
 14987 | D:12     | 14987 ||| DROPPING amulet of guardian spirit.
 14996 | D:12     | 14996 ||| Stepping randomly (disturbance).
 15066 | D:12     | Found Nininoto's Magic Scroll Shoppe.
 15071 | D:12     | 15071 ||| BUYING 2 scrolls of identify (52 gold).
 15071 | D:12     | Bought 2 scrolls of identify for 52 gold pieces
 15071 | D:12     | 15071 ||| BUYING scroll of identify (26 gold).
 15071 | D:12     | Bought a scroll of identify for 26 gold pieces
 15071 | D:12     | 15071 ||| BUYING scroll of identify (26 gold).
 15071 | D:12     | Bought a scroll of identify for 26 gold pieces
 15071 | D:12     | 15071 ||| BUYING scroll of identify (26 gold).
 15071 | D:12     | Bought a scroll of identify for 26 gold pieces
 15071 | D:12     | 15071 ||| BUYING scroll of identify (26 gold).
 15071 | D:12     | Bought a scroll of identify for 26 gold pieces
 15243 | D:12     | 15243 ||| DROPPING ring of resist corrosion.
 15298 | D:13     | 15298 ||| STAIRDANCE
 15329 | D:13     | 15329 ||| INVOKING Heroism.
 15330 | D:13     | 15330 ||| INVOKING Finesse.
 15537 | D:13     | 15537 ||| Stepping ~*~*~tactically~*~*~ (outnumbered).
 15641 | D:13     | 15641 ||| INVOKING Heroism.
 15642 | D:13     | 15642 ||| INVOKING Finesse.
 15645 | D:13     | Received a gift from Okawaru
 15652 | D:13     | Reached skill level 16 in Fighting
 15865 | D:14     | 15865 ||| INVOKING Heroism.
 15892 | D:14     | 15892 ||| STAIRDANCE
 15894 | D:13     | 15894 ||| INVOKING Heroism.
 15896 | D:13     | Reached skill level 12 in Dodging
 15992 | D:14     | 15992 ||| INVOKING Heroism.
 16029 | D:14     | 16029 ||| INVOKING Finesse.
 16035 | D:14     | Received a gift from Okawaru
 16036 | D:14     | Reached skill level 9 in Armour
 16086 | D:14     | 16086 ||| INVOKING Heroism.
 16087 | D:14     | 16087 ||| INVOKING Finesse.
 16088 | D:14     | 16088 ||| Stepping ~*~*~tactically~*~*~ (outnumbered).
 16105 | D:14     | Reached XP level 15. HP: 145/145 MP: 15/21
 16233 | D:14     | 16233 ||| INVOKING Heroism.
 16241 | D:14     | Reached skill level 17 in Fighting
 16304 | D:14     | 16304 ||| INVOKING Heroism.
 16564 | D:14     | Identified the +0 crystal plate armour of the Lily {Rampage
                  | rC- Dex+3} (Okawaru gifted it to you on level 14 of the
                  | Dungeon)
 16564 | D:14     | Received a gift from Okawaru
 16565 | D:14     | 16565 ||| Stepping ~*~*~tactically~*~*~ (outnumbered).
 16612 | D:14     | 16612 ||| READING scroll of enchant armour.
 16612 | D:14     | 16612 ||| ENCHANTING +1 pair of boots.
 16616 | D:14     | Found a gate to the Vaults.
 16987 | D:14     | 16987 ||| DROPPING ring of fire.
 16988 | D:14     | 16988 ||| UPGRADING to +6 ring of dexterity.
 16990 | D:14     | 16990 ||| DROPPING +5 ring of evasion.
 17012 | D:15     | Entered Level 15 of the Dungeon
 17080 | D:15     | Noticed Jorgrun
 17082 | D:15     | 17082 ||| INVOKING Heroism.
 17083 | D:15     | 17083 ||| INVOKING Finesse.
 17090 | D:15     | Killed Jorgrun
 17097 | D:15     | Noticed Louise
 17102 | D:15     | Killed Louise
 17257 | D:15     | 17257 ||| INVOKING Heroism.
 17375 | D:15     | Identified the +2 robe "Yzufoudu" {Str+2 Dex-4 Slay+3}
                  | (Okawaru gifted it to you on level 15 of the Dungeon)
 17375 | D:15     | Received a gift from Okawaru
 17406 | D:15     | Noticed Agnes
 17407 | D:15     | 17407 ||| INVOKING Heroism.
 17408 | D:15     | 17408 ||| INVOKING Finesse.
 17413 | D:15     | Killed Agnes
 17559 | D:15     | 17559 ||| INVOKING Heroism.
 17609 | D:15     | 17609 ||| Stepping ~*~*~tactically~*~*~ (outnumbered).
 17612 | D:15     | 17612 ||| Stepping ~*~*~tactically~*~*~ (outnumbered).
 17625 | D:15     | HP: 25/149 [red very ugly thing (13)]
 17626 | D:15     | 17626 ||| READING 6 scrolls of teleportation.
 17627 | D:15     | 17627 ||| DRINKING 7 potions of heal wounds.
 17628 | D:15     | 17628 ||| INVOKING Heroism.
 17917 | D:15     | Paralysed by a great orb of eyes for 4 turns
 17922 | D:15     | 17922 ||| DRINKING 4 potions of curing.
 17922 | D:15     | 17922 ||| (to cure confusion)
 17925 | D:15     | Found a staircase to the Depths.
 17931 | D:15     | 17931 ||| PLANNING ORC
 17931 | D:15     | 17931 ||| DROPPING +2 robe "Yzufoudu" {Str+2 Dex-4 Slay+3}.
 17932 | D:15     | 17932 ||| DROPPING +1 hat.
 18054 | Orc:1    | Entered Level 1 of the Orcish Mines
 18187 | Orc:2    | Entered Level 2 of the Orcish Mines
 18258 | Orc:1    | Reached skill level 15 in Dodging
 18263 | Orc:1    | Reached skill level 18 in Fighting
 18314 | Orc:2    | 18314 ||| INVOKING Heroism.
 18321 | Orc:2    | 18321 ||| Stepping ~*~*~tactically~*~*~ (outnumbered).
 18326 | Orc:2    | Reached XP level 16. HP: 115/157 MP: 22/22
 18367 | Orc:2    | Found Xyipiric's Distillery.
 18369 | Orc:2    | Found Laisowuv's Distillery.
 18370 | Orc:2    | Found Ukly's Magic Scroll Boutique.
 18373 | Orc:2    | Found Poecwaejiss's Distillery.
 18375 | Orc:2    | 18375 ||| BUYING potion of cancellation (136 gold).
 18375 | Orc:2    | Bought a potion of cancellation for 136 gold pieces
 18375 | Orc:2    | 18375 ||| BUYING potion of enlightenment (85 gold).
 18375 | Orc:2    | Bought a potion of enlightenment for 85 gold pieces
 18375 | Orc:2    | 18375 ||| BUYING potion of heal wounds (85 gold).
 18375 | Orc:2    | Bought a potion of heal wounds for 85 gold pieces
 18375 | Orc:2    | 18375 ||| BUYING potion of heal wounds (85 gold).
 18375 | Orc:2    | Bought a potion of heal wounds for 85 gold pieces
 18380 | Orc:2    | 18380 ||| BUYING 2 scrolls of enchant weapon (255 gold).
 18380 | Orc:2    | Bought 2 scrolls of enchant weapon for 255 gold pieces
 18380 | Orc:2    | 18380 ||| BUYING scroll of teleportation (51 gold).
 18380 | Orc:2    | Bought a scroll of teleportation for 51 gold pieces
 18390 | Orc:2    | 18390 ||| BUYING potion of curing (36 gold).
 18390 | Orc:2    | Bought a potion of curing for 36 gold pieces
 18390 | Orc:2    | 18390 ||| BUYING potion of enlightenment (60 gold).
 18390 | Orc:2    | Bought a potion of enlightenment for 60 gold pieces
 18390 | Orc:2    | 18390 ||| BUYING potion of enlightenment (60 gold).
 18390 | Orc:2    | Bought a potion of enlightenment for 60 gold pieces
 18390 | Orc:2    | 18390 ||| BUYING potion of haste (120 gold).
 18390 | Orc:2    | Bought a potion of haste for 120 gold pieces
 18390 | Orc:2    | 18390 ||| BUYING potion of might (48 gold).
 18390 | Orc:2    | Bought a potion of might for 48 gold pieces
 18390 | Orc:2    | 18390 ||| BUYING potion of mutation (96 gold).
 18390 | Orc:2    | Bought a potion of mutation for 96 gold pieces
 18390 | Orc:2    | 18390 ||| BUYING potion of resistance (120 gold).
 18390 | Orc:2    | Bought a potion of resistance for 120 gold pieces
 18395 | Orc:2    | 18395 ||| BUYING potion of curing (42 gold).
 18395 | Orc:2    | Bought a potion of curing for 42 gold pieces
 18395 | Orc:2    | 18395 ||| BUYING potion of haste (140 gold).
 18395 | Orc:2    | Bought a potion of haste for 140 gold pieces
 18395 | Orc:2    | 18395 ||| SHOPLISTING potion of haste (140 gold, have 22).
 18395 | Orc:2    | 18395 ||| SHOPLISTING potion of heal wounds (70 gold, have
                  | 22).
 18395 | Orc:2    | 18395 ||| SHOPLISTING potion of mutation (112 gold, have
                  | 22).
 18606 | Orc:2    | Found a runed translucent gate.
 18606 | Orc:2    | Found a runed translucent gate.
 18618 | Orc:2    | 18618 ||| Stepping ~*~*~tactically~*~*~ (outnumbered).
 18620 | Orc:2    | 18620 ||| Stepping ~*~*~tactically~*~*~ (outnumbered).
 18622 | Orc:2    | 18622 ||| Stepping ~*~*~tactically~*~*~ (outnumbered).
 18625 | Orc:2    | 18625 ||| Stepping ~*~*~tactically~*~*~ (outnumbered).
 18626 | Orc:2    | 18626 ||| Stepping ~*~*~tactically~*~*~ (outnumbered).
 18627 | Orc:2    | 18627 ||| Stepping ~*~*~tactically~*~*~ (outnumbered).
 18630 | Orc:2    | 18630 ||| Stepping ~*~*~tactically~*~*~ (outnumbered).
 18674 | Orc:2    | 18674 ||| INVOKING Heroism.
 18683 | Orc:2    | 18683 ||| Stepping ~*~*~tactically~*~*~ (outnumbered).
 18684 | Orc:2    | 18684 ||| Stepping ~*~*~tactically~*~*~ (outnumbered).
 18744 | Orc:2    | Found a runed translucent gate.
 18745 | Orc:2    | Found an opulent altar of Gozag.
 18748 | Orc:2    | Noticed qw's ghost (journeyman GrFi)
 18808 | Orc:2    | Found a staircase to the Elven Halls.
 18998 | Orc:2    | 18998 ||| PLANNING SPIDER:1-3
 18998 | Orc:2    | 18998 ||| DROPPING +1 robe of fire resistance.
 19145 | Spider:1 | Entered Level 1 of the Spider Nest
 19165 | Spider:1 | 19165 ||| INVOKING Heroism.
 19214 | Spider:1 | 19214 ||| INVOKING Heroism.
 19226 | Spider:1 | Identified the +1 robe of Defence {rPois rCorr Dex+4}
                  | (Okawaru gifted it to you on level 1 of the Spider Nest)
 19226 | Spider:1 | Received a gift from Okawaru
 19233 | Spider:1 | 19233 ||| INVOKING Finesse.
 19518 | Spider:1 | 19518 ||| INVOKING Finesse.
 19519 | Spider:1 | 19519 ||| INVOKING Heroism.
 19521 | Spider:1 | 19521 ||| Stepping ~*~*~tactically~*~*~ (outnumbered).
 19528 | Spider:1 | Reached skill level 19 in Fighting
 19686 | Spider:1 | 19686 ||| UPGRADING to +1 robe of Defence {rPois rCorr
                  | Dex+4}.
 19737 | Spider:2 | 19737 ||| INVOKING Heroism.
 19845 | Spider:2 | 19845 ||| INVOKING Finesse.
 19864 | Spider:2 | 19864 ||| FLEEEEING.
 19865 | Spider:2 | 19865 ||| FLEEEEING.
 19866 | Spider:2 | 19866 ||| FLEEEEING.
 19867 | Spider:2 | 19867 ||| FLEEEEING.
 19872 | Spider:2 | 19872 ||| STAIRDANCE
 19883 | Spider:2 | 19883 ||| INVOKING Heroism.
 19965 | Spider:2 | 19965 ||| INVOKING Heroism.
 20000 | Spider:2 | 20000 ||| FLEEEEING.
 20006 | Spider:2 | 20006 ||| INVOKING Heroism.
 20019 | Spider:2 | 20019 ||| INVOKING Finesse.
 20174 | Spider:2 | Received a gift from Okawaru
 20229 | Spider:2 | 20229 ||| INVOKING Heroism.
 20584 | Spider:2 | 20584 ||| INVOKING Finesse.
 20589 | Spider:2 | Reached skill level 18 in Dodging
 20651 | Spider:3 | 20651 ||| INVOKING Heroism.
 20754 | Spider:3 | 20754 ||| FLEEEEING.
 20820 | Spider:3 | 20820 ||| INVOKING Finesse.
 20886 | Spider:3 | Noticed qw's ghost (adept GrFi)
 20894 | Spider:3 | Noticed qw's ghost (adept MiHs)
 20907 | Spider:3 | 20907 ||| INVOKING Finesse.
 20916 | Spider:3 | 20916 ||| INVOKING Heroism.
 21059 | Spider:3 | Reached XP level 17. HP: 168/168 MP: 23/23
 21165 | Spider:3 | Found a transporter.
 21205 | Spider:3 | Found a transporter.
 21460 | Spider:3 | 21460 ||| PLANNING SWAMP:1-3
 21609 | Swamp:1  | Entered Level 1 of the Swamp
 21624 | Swamp:1  | Found a runed translucent gate.
 21624 | Swamp:1  | Found a runed translucent gate.
 21626 | Swamp:1  | Found a runed translucent gate.
 21764 | Swamp:1  | 21764 ||| INVOKING Heroism.
 21875 | Swamp:1  | You fall into a shaft and drop 1 floor!
 21878 | Swamp:2  | 21878 ||| INVOKING Heroism.
 21905 | Swamp:2  | Identified the +0 robe of Denykkoq {Harm rCorr} (Okawaru
                  | gifted it to you on level 2 of the Swamp)
 21905 | Swamp:2  | Received a gift from Okawaru
 21944 | Swamp:2  | Reached skill level 20 in Fighting
 21976 | Swamp:2  | 21976 ||| INVOKING Heroism.
 22042 | Swamp:2  | 22042 ||| INVOKING Heroism.
 22129 | Swamp:2  | 22129 ||| INVOKING Heroism.
 22130 | Swamp:2  | 22130 ||| INVOKING Finesse.
 22194 | Swamp:2  | 22194 ||| DROPPING +0 robe of Denykkoq {Harm rCorr}.
 22205 | Swamp:1  | 22205 ||| READING scroll of enchant armour.
 22205 | Swamp:1  | 22205 ||| ENCHANTING +1 cloak.
 22465 | Swamp:1  | Noticed qw's ghost (adept GrFi)
 22465 | Swamp:1  | Noticed Zoigrime's ghost (adept FoFi)
 22746 | Swamp:3  | 22746 ||| INVOKING Heroism.
 22765 | Swamp:3  | 22765 ||| READING scroll of acquirement.
 22765 | Swamp:3  | 22765 ||| ACQUIRING 671 gold pieces
 22765 | Swamp:3  | Acquired 671 gold pieces
 22855 | Swamp:3  | 22855 ||| INVOKING Heroism.
 22861 | Swamp:3  | 22861 ||| INVOKING Finesse.
 23101 | Swamp:3  | 23101 ||| Stepping ~*~*~tactically~*~*~ (water).
 23129 | Swamp:3  | 23129 ||| INVOKING Heroism.
 23147 | Swamp:3  | 23147 ||| Stepping ~*~*~tactically~*~*~ (water).
 23218 | Swamp:3  | 23218 ||| Stepping ~*~*~tactically~*~*~ (water).
 23451 | Swamp:3  | 23451 ||| PLANNING SPIDER:4
 23451 | Swamp:3  | 23451 ||| DROPPING +6 ring of strength.
 23657 | Spider:4 | Entered Level 4 of the Spider Nest
 23665 | Spider:4 | Noticed Asterion
 23666 | Spider:4 | 23666 ||| INVOKING Heroism.
 23671 | Spider:4 | Killed Asterion
 23694 | Spider:4 | HP: 14/171 [disintegration (41)]
 23695 | Spider:4 | 23695 ||| READING 9 scrolls of teleportation.
 23696 | Spider:4 | 23696 ||| DRINKING 8 potions of heal wounds.
 23697 | Spider:4 | 23697 ||| DRINKING 7 potions of heal wounds.
 23698 | Spider:4 | 23698 ||| INVOKING Heroism.
 23709 | Spider:4 | HP: 33/172 [jumping spider simulacrum (12)]
 23710 | Spider:4 | 23710 ||| READING 8 scrolls of teleportation.
 23711 | Spider:4 | 23711 ||| DRINKING 6 potions of heal wounds.
 23730 | Spider:4 | 23730 ||| INVOKING Finesse.
 23741 | Spider:4 | Reached skill level 21 in Fighting
 23759 | Spider:4 | Blown up by an orb spider

Levels and vault maps discovered:
D:1:      dpeg_arrival_rooms_b, layout_basic, serial_curves, eino_curves_01,
          eino_curves_03, minmay_crystal_room, kennysheep_small_spiral,
          hangedman_feature_mirror
D:2:      layout_rooms, minmay_pentomino_t4, uniq_crazy_yiuf_cottage
D:3:      layout_loops_corners, mainiacjoe_overflow_chevrons,
          chequers_ecumenical_altar_simple, hangedman_decor_growths,
          grunt_ministairs_10, uniq_grinder, uniq_robin
D:4:      layout_basic, mainiacjoe_overflow_alcove_4,
          nicolae_yredelemnul_corpse_copse, nicolae_uskayaw_en_pointe,
          lemuel_round_altar, makhleb_blood_cavern_becter
D:5:      layout_loops_corners, bloody_trog, minmay_temple_entry_ruins,
          hangedman_abyss_or_decor_stagger
D:6:      layout_basic
D:7:      layout_cave_pools, mainiacjoe_overflow_paths, enter_bailey_3,
          serial_shops, nicolae_diamond_shop
D:8:      layout_loops_ring, tgw_sif, gammafunk_temple_overflow_pools
D:9:      layout_long_grid, nicolae_ru_great_annihilating_truth,
          lemuel_tele_altar, serial_bayou, serial_bayou_pond_c,
          serial_bayou_pond_c, serial_bayou_crossing, serial_bayou_pond_b,
          serial_bayou_shore_b, serial_bayou_pond_e
D:10:     layout_grid_maze
D:11:     layout_roguey, erik_lair_island, hiddenorc2_lemuel, serial_shops,
          nicolae_shop_just_a_little_nook, hangedman_decor_slide_cut,
          corexii_leaking_fountain, uniq_gastronok
D:12:     layout_cross, serial_shops, kennysheep_little_box, chequers_jeans,
          uniq_fannar
D:13:     layout_roguey [special_room_orc]
D:14:     minmay_the_grid_triangle_9x9_rhombus_full
          [minmay_the_grid_triangle_9x9_empty,
          minmay_the_grid_triangle_9x9_flanged_cone,
          minmay_the_grid_triangle_9x9_zippers_vertical,
          minmay_the_grid_triangle_9x9_warning,
          minmay_the_grid_triangle_9x9_sparse_checkered,
          minmay_the_grid_triangle_9x9_descending_squares,
          minmay_the_grid_triangle_9x9_checkered,
          minmay_the_grid_triangle_9x9_prize_top_heavy], layout_gridville,
          grunt_vaults_entry_tiered, minmay_tree_intersection
D:15:     gammafunk_enter_depths_forms, layout_loops_cross,
          grunt_decor_arrowhead, uniq_jorgrun, uniq_agnes, uniq_louise
Lair:1:   layout_small_grid, grunt_megastairs_5, uniq_urug
Lair:2:   regret_index_tunnel_blossom, layout_regular_city,
          palyth_hydra_swamp_entry
Lair:3:   layout_cave_pods, dummy_spider_entry, gammafunk_ghost_split,
          serial_bayou_shore_a
Lair:4:   layout_cave_pods, lemuel_fruit_tree, lemuel_fruit_fields,
          grunt_megastairs_2, uniq_josephine
Lair:5:   hellmonk_lair_end_abyssal_woods, layout_cave_shapes,
          minmay_slime_entry_oklob_open, chequers_serial_rivers_marsh,
          infiniplex_staircase_pool, grunt_megastairs_4, lemuel_fruit_fields
Swamp:1:  layout_basic_swamp, gammafunk_ghost_cemetery, serial_swamp_ruin,
          evilmike_swamp_ruin_rubble_1, evilmike_swamp_ruin_rubble_2,
          infiniplex_staircase_pool_2
Swamp:2:  layout_basic_swamp, nicolae_swamp_oxbows, swamp_pool4
Swamp:3:  layout_basic_swamp, evilmike_swamp_ruin_house_2
Spider:1: layout_spider_delve
Spider:2: layout_spider_delve, hangedman_spider_trapstep
Spider:3: layout_spider_delve, nzn_ghost_randoct
Spider:4: grunt_spider_rune_circles, uniq_asterion
Orc:1:    layout_diamond_mine
Orc:2:    st_orc_open, layout_caves, ebering_ghost_gozag, basic_altar

Skill      XL: |  1  2  3  4  5  6  7  8  9 10 11 12 13 14 15 16 17 |
---------------+----------------------------------------------------+-----
Ranged Weapons | 3 4 5 6 8 10 12 14 15 16 18 | 18.0
Fighting       | 2 3 5 7 9 10 11 13 16 18 19 21 | 21.0
Armour         | 1 3 4 5 7 9 10 | 10.0
Dodging        | 3 5 6 7 8 10 12 15 18 20 | 20.3
Invocations    | 2 4 6 9 10 | 10.0
Spellcasting   | |  1.0
Hexes          | |  2.0

Action                     |  1- 3 |  4- 6 |  7- 9 | 10-12 | 13-15 | 16-18 || total
---------------------------+-------+-------+-------+-------+-------+-------++-------
   Fire: Sling             |    85 |   127 |   242 |       |       |       ||   454
         Longbow           |       |       |   116 |   495 |       |       ||   611
         Arbalest          |       |       |       |    91 |   633 |   569 ||  1293
 Invoke: Heroism           |       |       |    14 |    25 |    26 |    21 ||    86
         Finesse           |       |       |       |     1 |     9 |    10 ||    20
    Use: Scroll            |     4 |     5 |    11 |     7 |     5 |     4 ||    36
         Potion            |     2 |     1 |     7 |     1 |     5 |     3 ||    19
 Armour: Robe              |     1 |       |     3 |     7 |       |    17 ||    28
         Ring mail         |     9 |    21 |    24 |       |       |       ||    54
         Troll leather arm |       |       |       |    90 |    39 |    11 ||   140
  Dodge: Dodged            |    11 |    39 |   103 |   325 |   210 |   284 ||   972

Table legend:
 A = Non-vault XP
 B = Vault XP
 C = Vault XP percentage of total XP
 D = Non-vault monster count
 E = Vault monster count
 F = Vault count percentage of total count
                 A         B        C        D         E       F
            +---------+---------+-------+---------+---------+-------
      Total |  185136 |   95013 |  33.9 |     720 |     345 |  32.4
            +---------+---------+-------+---------+---------+-------
        D:1 |      42 |       3 |   6.7 |      18 |       2 |  10.0
        D:2 |      36 |      16 |  30.8 |      14 |       3 |  17.6
        D:3 |     275 |     307 |  52.7 |      33 |      16 |  32.7
        D:4 |     213 |     149 |  41.2 |      17 |       5 |  22.7
        D:5 |    1150 |       0 |   0.0 |      23 |       0 |   0.0
        D:6 |    1104 |       0 |   0.0 |      21 |       0 |   0.0
        D:7 |    1246 |       8 |   0.6 |      38 |       4 |   9.5
        D:8 |     920 |      36 |   3.8 |      23 |       1 |   4.2
        D:9 |    3437 |     219 |   6.0 |      27 |       6 |  18.2
       D:10 |    2716 |       0 |   0.0 |      16 |       0 |   0.0
       D:11 |    1601 |    2859 |  64.1 |       8 |      41 |  83.7
       D:12 |    2499 |     894 |  26.3 |      12 |       1 |   7.7
       D:13 |    9475 |     940 |   9.0 |      24 |      25 |  51.0
       D:14 |   13225 |   21725 |  62.2 |      36 |      46 |  56.1
       D:15 |    6837 |   10697 |  61.0 |      13 |      13 |  50.0
     Lair:1 |    9169 |    1741 |  16.0 |      33 |       5 |  13.2
     Lair:2 |    6113 |    7828 |  56.2 |      25 |      50 |  66.7
     Lair:3 |    7875 |       0 |   0.0 |      18 |       0 |   0.0
     Lair:4 |    4567 |    3236 |  41.5 |      20 |       8 |  28.6
     Lair:5 |    5898 |   15265 |  72.1 |      17 |      45 |  72.6
    Swamp:1 |    9000 |       0 |   0.0 |      15 |       0 |   0.0
    Swamp:2 |   13408 |       0 |   0.0 |      29 |       0 |   0.0
    Swamp:3 |   11057 |       0 |   0.0 |      22 |       0 |   0.0
   Spider:1 |   16547 |       0 |   0.0 |      37 |       0 |   0.0
   Spider:2 |   21873 |    2145 |   8.9 |      50 |       6 |  10.7
   Spider:3 |   16338 |     713 |   4.2 |      45 |       1 |   2.2
   Spider:4 |   14557 |   11560 |  44.3 |      41 |      30 |  42.3
      Orc:1 |    1357 |       0 |   0.0 |      11 |       0 |   0.0
      Orc:2 |    2601 |   14672 |  84.9 |      34 |      37 |  52.1
            +---------+---------+-------+---------+---------+-------
